 Dungeon Crawl Stone Soup version bcrawl-1.12-10-g10a67aac0f (webtiles) character file.

Game seed: 10182923038937023979

70 MisterOstroum the Vandal (level 4, -2/23 HPs)
             Began as a Spriggan Arcane Marksman on June 19, 2019.
             Killed from afar by a giant cockroach (24 damage)
             ... with an exploding inner flame
             ... hexed by the player character
             ... on level 3 of the Dungeon.
             The game lasted 00:06:19 (2012 turns).

MisterOstroum the Vandal (Spriggan Arcane Marksman) Turns: 2012, Time: 00:06:19

Health: -2/23      AC:  2    Str:  6    XL:     4   Next: 3%
Magic:  4/9        EV: 18    Int: 14    God:
Gold:   158        SH:  0    Dex: 17    Spells: 2/8 levels left

rFire    . . .     SeeInvis +   a - +0 hunting sling
rCold    . . .     Gourm    .   (shield restricted)
rNeg     . . .     Faith    .   c - +0 robe
rPois    .         Spirit   .   (helmet restricted)
rElec    .         Reflect  .   (no cloak)
rCorr    .         Harm     .   (gloves unavailable)
MR       .....                  (boots unavailable)
Stlth    ++........             r - amulet of magic regeneration
HPRegen  0.07/turn              (no ring)
MPRegen  0.36/turn              (no ring)

@: very slightly contaminated, very quick
A: very small, unfitting armour, see invisible, herbivore, speed 3, slow
metabolism 2
a: no special abilities


You were on level 3 of the Dungeon.
You were not hungry.

You visited 1 branch of the dungeon, and saw 3 of its levels.

You collected 158 gold pieces.

Inventory:

Hand Weapons
 a - a +0 hunting sling (weapon)
 b - a +0 dagger
Missiles
 f - 529 sling bullets
 m - 170 stones (quivered)
 n - 42 curare-tipped needles
Armour
 c - a +0 robe (worn)
Jewellery
 r - an amulet of magic regeneration (around neck)
Scrolls
 g - a scroll of fog {!r}
 i - a scroll of enchant armour {unknown}
 l - 2 scrolls of remove curse {@r2}
 o - a scroll of immolation {unknown}
 s - a scroll of teleportation {unknown}
Potions
 j - a potion of haste {unknown}
 k - 2 potions of degeneration {unknown}
 p - 2 potions of curing {unknown}
 q - a potion of mutation {unknown}
Comestibles
 e - 5 rations {!d}


   Skills:
 * Level 2.2 Fighting
 * Level 4.0 Slings
 - Level 3.0 Dodging
 - Level 2.6 Spellcasting
 + Level 3.7 Hexes


You had 2 spell levels left.
You knew the following spells:

 Your Spells              Type           Power        Failure   Level  Hunger
a - Corona                Hex            ##.....      4%          1    #......
b - Shackle               Hex            ##......     7%          2    ###....
c - Inner Flame           Hex/Fire       N/A          30%         3    ###....

Your spell library contained the following spells:

 Spells                   Type           Power        Failure   Level  Hunger
 False Image              Hex/Summ       #.......     30%         3    ###....
 Cause Fear               Hex            ##........   43%         4    #####..
 Yara's Violent Unravell  Hex/Tmut       #.........   71%         4    #####..


Dungeon Overview and Level Annotations

Branches:
Dungeon (3/12)

Altars:

Portals:
Sewer: D:3


Innate Abilities, Weirdness & Mutations

You are very small and have problems with some larger weapons.
You are too small for most types of armour.
You have supernaturally acute eyesight. (SInv)
You are a herbivore.
You cover ground extremely quickly.
You need to consume almost no food.


Message History

(D) Dungeon
Where to? (Enter - D:2, ? - help)
Things that are here:
a +0 hand axe; a +0 leather armour
There is a stone staircase leading down here.
You climb downwards.
You hear the sound of rushing water.
There is an entrance to a sewer on this level.
Hurry and find it before the portal rusts away!
There is a stone staircase leading up here.
Put on which piece of jewellery? (? for menu, Esc to quit)
Oops, that ring feels deathly cold.
d - a cursed -2 ring of protection (left hand)
As you read the scroll labeled QUSHRY MOLAKINK, it crumbles to dust.
You feel aware of your surroundings.
You sensed 2 altars, and 1 shop/portal.
It was a scroll of magic mapping.
As you read the scroll labeled NIFOAFA RAQOCE, it crumbles to dust.
The scroll dissolves into smoke.
It was a scroll of fog.
As you read the scroll labeled IKYRUC YDUPPIFF, it crumbles to dust.
You feel as if something is helping you.
It was a scroll of remove curse.
Okay, then.
Drop what? 18/52 slots (_ for help) (? for menu, Esc to quit)
You remove your -2 ring of protection.
You drop a -2 ring of protection.
Unknown command.
You climb upwards.
There is a stone staircase leading down here.
There is a stone staircase leading down here.
You climb downwards.
You hear the sound of rushing water.
There is an entrance to a sewer on this level.
Hurry and find it before the portal rusts away!
There is a stone staircase leading up here.
Unknown command.
You climb upwards.
There is a stone staircase leading down here.
You see here a kobold skeleton.
There is a stone staircase leading down, spattered with blood here.
You climb downwards.
You hear the sound of rushing water.
There is an entrance to a sewer on this level.
Hurry and find it before the portal rusts away! 3 giant cockroaches come into view.
The adder hisses angrily. x2
Found a scroll of remove curse.
Found a glowing drain.
There is a stone staircase leading up here.
Unknown command.
Unknown command.
You see here a scroll of remove curse {@r2}.
l - 2 scrolls of remove curse {@r2} (gained 1)
Found a scroll of identify.
As you open the door, it creaks loudly!
The giant cockroach falls off the door.
The giant cockroach completely misses you.
Casting: Shackle (safe; 8% risk of failure)
Confirm with . or Enter, or press ? or * to list all spells.
Aiming: Inner Flame (safe; 30% risk of failure)
Press: ? - help, Shift-Dir - straight line, f - giant cockroach
Aim: a giant cockroach (clinging)
You miscast Inner Flame.
You are very lightly contaminated with residual magic.
You smell smoke.
Casting: Inner Flame (safe; 30% risk of failure)
Confirm with . or Enter, or press ? or * to list all spells.
Aiming: Inner Flame (safe; 30% risk of failure)
Press: ? - help, Shift-Dir - straight line, f - giant cockroach, p - giant cockroach
Aim: a giant cockroach (clinging)
The giant cockroach is filled with an inner flame.
The giant cockroach closely misses you. The giant cockroach misses you.
Firing (i - inventory. (/) - cycle)
m - 173 stones (quivered)
Press: ? - help, Shift-Dir - straight line, f/p - giant cockroach
Aim: a giant cockroach (clinging, inner flame)
You shoot a stone.
The stone hits the giant cockroach but does no damage.
The giant cockroach barely misses you. The giant cockroach bites you.
Firing (i - inventory. (/) - cycle)
m - 172 stones (quivered)
Press: ? - help, Shift-Dir - straight line, f/p - giant cockroach
Aim: a giant cockroach (clinging, inner flame)
You shoot a stone. The stone hits the giant cockroach.
The giant cockroach is almost dead.
The giant cockroach barely misses you.
The giant cockroach bites you but does no damage.
Firing (i - inventory. (/) - cycle)
m - 171 stones (quivered)
Press: ? - help, Shift-Dir - straight line, f/p - giant cockroach
Aim: a giant cockroach (almost dead, clinging, inner flame)
You shoot a stone.
The stone closely misses the giant cockroach.
The giant cockroach bites you but does no damage.
The giant cockroach completely misses you.
The giant cockroach closely misses you. The giant cockroach barely misses you.
Firing (i - inventory. (/) - cycle)
m - 170 stones (quivered)
Press: ? - help, Shift-Dir - straight line, f/p - giant cockroach
Aim: a giant cockroach (almost dead, clinging, inner flame)
You shoot a stone. The stone hits the giant cockroach.
The giant cockroach explodes!
The fiery explosion engulfs the adder.
You kill the adder!
Your Slings skill increases to level 4!
You have reached level 4!
The fiery explosion engulfs you!
Ouch! That really hurt!
You die...

* *,,,,,#.<.......#
*******#######.#####.#
**,,,,,........#≈≈≈#.##
*,,,***#######.#≈≈≈#..#
*,,,* #.#≈∩≈#..# ,,,,*
#.#≈≈≈#..#
,*+****#######.#§sS#..#
,*,,,,,?.......##§##..#
*******######...@s§...#
,,,,,,,,* #......#..#
,,,,***,****########.#*
,,,,+,,,,,,,,,,,,,,,,*
,,,,***,**************
*+*****,* ,,,,,,,,*
,,,,,,,,* ,,,,,,,,*


You could see an adder and 2 giant cockroaches.

Vanquished Creatures
  An adder (D:3)
  An ooze (D:1)
  2 worms
  5 leopard geckos
  An orc (D:2)
  8 bats
  3 giant cockroaches
  3 goblins
  5 hobgoblins
  3 jackals (D:1)
  4 kobolds
  3 ball pythons (D:2)
  2 frilled lizards
  2 rats
43 creatures vanquished.

Notes
Turn   | Place    | Note
-------+----------+-------------------------------------------
     0 | D:1      | MisterOstroum the Spriggan Arcane Marksman began the quest
                  | for the Orb.
     0 | D:1      | Reached XP level 1. HP: 9/9 MP: 5/5
   198 | D:1      | Reached skill level 1 in Fighting
   346 | D:1      | Reached skill level 3 in Slings
   346 | D:1      | Reached XP level 2. HP: 14/14 MP: 6/6
   375 | D:1      | Learned a level 2 spell: Shackle
   942 | D:1      | Reached XP level 3. HP: 18/18 MP: 8/8
   959 | D:1      | Learned a level 3 spell: Inner Flame
  1995 | D:3      | Found a glowing drain.
  2012 | D:3      | Reached skill level 4 in Slings
  2012 | D:3      | Reached XP level 4. HP: 22/23 MP: 4/9
  2012 | D:3      | Killed from afar by a giant cockroach

Skill      XL: |  1  2  3 |
---------------+----------+-----
Fighting       | 1 2 |  2.2
Slings         | 3 4 |  4.0
Dodging        | |  3.0
Spellcasting   | |  2.6
Hexes          | |  3.7

Action                   |  1- 3 |  4- 6 || total
-------------------------+-------+-------++-------
Melee: Dagger            |    18 |       ||    18
 Fire: Hunting sling     |   174 |       ||   174
 Cast: Corona            |     6 |       ||     6
       Shackle           |    12 |       ||    12
       Inner Flame       |     1 |       ||     1
  Use: Scroll            |     5 |       ||     5
 Stab: Sleeping          |     1 |       ||     1
Armor: Robe              |    11 |       ||    11
Dodge: Dodged            |    74 |       ||    74
